 Dungeon Crawl Stone Soup version 0.30-a0-1114-gd936c97349 (webtiles) character file.

Game seed: 1432212003158012068

59 kae the Changer (level 3, -4/42 HPs)
             Began as a Draconian Transmuter on Apr 20, 2023.
             Slain by Grinder (7 damage)
             ... on level 4 of the Dungeon.
             The game lasted 00:01:38 (1284 turns).

kae the Changer (Draconian Transmuter)              Turns: 1284, Time: 00:01:39

Health: -4/42      AC:  6    Str: 11 (12) XL:     3   Next: 78%
Magic:  2/6        EV: 11    Int: 13 (15) God:
Gold:   48         SH:  0    Dex:  8 (11) Spells: 0/6 levels left

rFire   . . .      SeeInvis .      - Unarmed
rCold   . . .      Faith    .    (no shield)
rNeg    . . .      Spirit   .    (body armour unavailable)
rPois   .          Reflect  .    (helmet restricted)
rElec   .          Rampage  .    (no cloak)
rCorr   .          Rnd*Tele +    (no gloves)
Will    .....                    (no boots) Stlth
                                 (no amulet)
HPRegen 0.27/turn                (no ring)
MPRegen 0.10/turn                (no ring)

@: berserking, very quick
A: AC +5, unfitting armour, cold-blooded, shaggy fur 1, teleportitis 1, wild
magic 1
a: no special abilities


You were on level 4 of the Dungeon.
You visited 1 branch of the dungeon, and saw 3 of its levels.

You collected 48 gold pieces.


Innate Abilities, Weirdness & Mutations

Your plain brown scales are hard. (AC +5)
You cannot fit into any form of body armour.
You are cold-blooded and may be slowed by cold attacks.
You are covered in fur. (AC +1)
You are occasionally teleported next to monsters.
Your spells are a little harder to cast, but a little more powerful.


   Skills:
 - Level 1.1 Fighting
 - Level 1.7 Dodging
 - Level 3.0 Unarmed Combat
 + Level 2.4 Spellcasting
 * Level 3.1 Transmutations
 + Level 1.2 Ice Magic
 + Level 1.3 Poison Magic


You couldn't memorise any spells.
You knew the following spells:

 Your Spells              Type           Power      Damage    Failure   Level
a - Beastly Appendage     Tmut           24%        N/A       11%         1
b - Wereblood             Tmut           12%        N/A       16%         2
c - Spider Form           Tmut/Pois      9%         N/A       36%         3

Your spell library contained the following spells:

 Spells                   Type           Power      Damage    Failure   Level
 Blink                    Tloc           4%         N/A       45%         2
 Lesser Beckoning         Tloc           4%         N/A       45%         2
 Momentum Strike          Conj/Tloc      4%         3d8       45%         2
 Summon Guardian Golem    Hex/Summ       2%         N/A       67%         3
 Ice Form                 Ice/Tmut       9%         N/A       77%         4
 Orb of Destruction       Conj           1%         9d5       100%        7
 Spellforged Servitor     Conj/Summ      1%         N/A       100%        7

Inventory:

Missiles
 e - 17 stones
Jewellery
 Z - a ring of wizardry
   (You found it on level 4 of the Dungeon)
Scrolls
 g - a scroll of enchant weapon {unknown}
 h - a scroll of silence {unknown}
 i - a scroll of torment {unknown}
 j - a scroll of fear {unknown}
 k - a scroll of immolation {unknown}
 m - a scroll of amnesia {unknown}
Potions
 a - a potion of lignification {!q}
 d - a potion of mutation {!q}

Dungeon Overview and Level Annotations

Branches:
Dungeon (2/15) Zot: 16720

Altars:
Nemelex Xobeh
Okawaru

Annotations:
D:1 1 runed translucent door
D:4 1 transporter, 1 runed translucent door, Grinder; qborf's ghost, novice DsCj

#..##.###...#...########.
#..##....#.###...........
#..######...#..#########.
...# #.#...##########
..## #..............# .##
########.#####.# ## #.# #
#.# ############ #@#
................5.......
..####).≈≈≈≈.._..≈≈≈≈..#
........................
....############.#####.#
###........ ..# # #
#..###### #########.# #
#..# ##.##......#
###..########.#.#.######


You could see Grinder (very poisoned).


Message History

There was something very wrong with that liquid.
You feel weakened.
You feel dopey.
You feel clumsy.
You feel sick.
It was a potion of curing.
You feel better. 😕 HP[+5]
You regained 5 hp, and now have 23/28 hp.
It was a potion of mutation.
You feel extremely strange.
You feel weirdly uncertain.
You feel less in control of your magic. Fur sprouts all over your body.
It was a potion of heal wounds.
You feel much better. 😎 HP[+5]
Your hp is fully restored (28).
Casting: Spider Form (extremely dangerous; 36% risk of failure)
Confirm with . or Enter, or press ? or * to list all spells.
The spell is extremely dangerous to miscast (36% risk of failure)!
Continue anyway? [Y]es or [N]o only, please.
The spell is extremely dangerous to miscast (36% risk of failure)!
Continue anyway?
You turn into a venomous arachnid creature.
Grinder completely misses you. 😎 MP[-3]
You lost 3 mp, and now have 0/6 mp.
Unknown command.
You hit Grinder. Grinder barely misses you.
You hit Grinder but do no damage.
Grinder blinks!
Grinder says, "Wait up."
Unknown command. 😎 MP[+1] Grinder gestures at you.
Pain shoots through your body! 😕 HP[-6]
You take 6 damage, and now have 22/28 hp.
MASSIVE DAMAGE!! (PAUSE)
Your transformation is almost over.
Grinder hits you.
You writhe in agony.
* * * LOW HITPOINT WARNING * * *
😨 HP[-9]
You take 9 damage, and now have 13/28 hp.
MASSIVE DAMAGE!! (PAUSE)
You hit Grinder. Grinder gestures at you. You resist with significant effort.
Your magical contamination has completely faded away.
You hit Grinder.
Grinder is poisoned.
Grinder hits you.
* * * LOW HITPOINT WARNING * * *
You writhe in agony.
* * * LOW HITPOINT WARNING * * *
😱 HP[-9]
You take 9 damage, and now have 4/28 hp.
MASSIVE DAMAGE!! (PAUSE)
You feel much better.
Grinder completely misses you. 😎 HP[+24]
Your hp is fully restored (28).
You hit Grinder but do no damage.
Grinder blinks!
Unknown command.
Grinder gestures at you.
Pain shoots through your body! 😮 HP[-12]
You take 12 damage, and now have 16/28 hp.
MASSIVE DAMAGE!! (PAUSE)
You hit Grinder.
Grinder looks as sick as possible!
Grinder closely misses you. 😮 HP[+1]
You barely miss Grinder. Grinder gestures at you.
You suddenly lose the ability to move!
Your transformation has ended.
Grinder completely misses you. Grinder hits you but does no damage.
You can move again. 😮 MP[+1]
You closely miss Grinder. Grinder gestures at you.
Pain shoots through your body!
* * * LOW HITPOINT WARNING * * *
😨 HP[-7]
You take 7 damage, and now have 10/28 hp.
MASSIVE DAMAGE!! (PAUSE)
You hit Grinder. You barely miss Grinder.
Your tail-slap misses Grinder.
Grinder gestures at you. Pain shoots through your body!
* * * LOW HITPOINT WARNING * * *
😱 HP[-4]
You take 4 damage, and now have 6/28 hp.
Unknown command.
You hit Grinder but do no damage.
Grinder says, "Don't move a muscle."
Grinder hits you.
* * * LOW HITPOINT WARNING * * *
You writhe in agony.
* * * LOW HITPOINT WARNING * * *
😱 HP[-5]
You take 5 damage, and now have 1/28 hp.
Unknown command.
It was a potion of berserk rage.
A red film seems to cover your vision as you go berserk!
You feel yourself moving faster!
You feel mighty! Grinder barely misses you. 😱 HP[+1]
You now have 42 max hp (+14).
You barely miss Grinder. Grinder hits you!
You die...

Skill      XL: |  1  2  3 |
---------------+----------+-----
Poison Magic   | 1 |  1.3
Ice Magic      | 1 |  1.2
Transmutations | 3 |  3.1
Fighting       | |  1.1
Dodging        | |  1.7
Unarmed Combat | |  3.0
Spellcasting   | |  2.4

Action                     || total
---------------------------++-------
  Melee: Unarmed           ||   102
         Tailslap          ||     8
         Kick              ||    13
         Punch             ||     1
         Headbutt          ||     7
   Cast: Beastly Appendage ||    23
         Spider Form       ||     1
    Use: Potion            ||     6
 Armour: Skin              ||    20
  Dodge: Dodged            ||    66

Levels and vault maps discovered:
D:1:      dpeg_arrival_caged_fury, layout_loops_ring, basic_ecumenical_altar,
          minmay_lizard_pond
D:2:      layout_basic
D:4:      layout_loops_ring, mainiacjoe_overflow_boulevard,
          gammafunk_temple_overflow_arena, minmay_temple_entry_statues_pillars,
          hellmonk_ghost_happy_afterlife, uniq_crazy_yiuf_cottage, uniq_grinder

Notes
Turn   | Place    | Note
-------+----------+-------------------------------------------
     0 | D:1      | kae the Draconian Transmuter began the quest for the Orb.
     0 | D:1      | Reached XP level 1. HP: 16/16 MP: 3/3
     0 | D:1      | Noticed a jelly
     0 | D:1      | magus.rc [v1.11.3]
     1 | D:1      | Found a runed translucent door.
   161 | D:1      | Found a faded altar of an unknown god.
   190 | D:1      | Reached XP level 2. HP: 20/23 MP: 3/5
   414 | D:1      | Learned a level 2 spell: Wereblood
   491 | D:1      | Reached skill level 1 in Poison Magic
   709 | D:1      | Reached XP level 3. HP: 26/28 MP: 6/6
   713 | D:1      | Learned a level 3 spell: Spider Form
   957 | D:2      | Reached skill level 1 in Ice Magic
  1054 | D:2      | You fall into a shaft and drop 2 floors!
  1136 | D:4      | Reached skill level 3 in Transmutations
  1143 | D:4      | Found an iron altar of Okawaru.
  1143 | D:4      | Noticed a water moccasin
  1144 | D:4      | Found a transporter.
  1144 | D:4      | Noticed a bullfrog
  1150 | D:4      | You pick up a book of Dangerous Friends and begin
                  | reading...
  1150 | D:4      | You add the spells Summon Guardian Golem, Orb of
                  | Destruction and Spellforged Servitor to your library.
  1173 | D:4      | You pick up a book of Spatial Translocations and begin
                  | reading...
  1173 | D:4      | You add the spells Blink, Momentum Strike and Lesser
                  | Beckoning to your library.
  1190 | D:4      | Found a runed translucent door.
  1190 | D:4      | Noticed qborf's ghost (novice DsCj)
  1249 | D:4      | Found a sparkling altar of Nemelex Xobeh.
  1250 | D:4      | Noticed Grinder
  1260 | D:4      | Gained mutation: You are occasionally teleported next to
                  | monsters. [potion of mutation]
  1260 | D:4      | Gained mutation: Your spells are a little harder to cast,
                  | but a little more powerful. [potion of mutation]
  1260 | D:4      | Gained mutation: You are covered in fur. (AC +1) [potion of
                  | mutation]
  1270 | D:4      | HP: 4/28 [Grinder (4)]
  1276 | D:4      | Paralysed by Grinder for 2 turns
  1281 | D:4      | HP: 6/28 [Grinder/nerve-wracking pain (4)]
  1282 | D:4      | HP: 1/28 [Grinder (2)]
  1284 | D:4      | Slain by Grinder

Vanquished Creatures
  2 adders
  4 ball pythons
  4 bats
  5 endoplasms
  A giant cockroach (D:1)
  4 goblins (D:1)
  2 hobgoblins
  A quokka (D:1)
  11 frilled lizards
  2 kobolds
  4 rats (D:1)
40 creatures vanquished.

Table legend:
 A = Non-vault XP
 B = Vault XP
 C = Vault XP percentage of total XP
 D = Non-vault monster count
 E = Vault monster count
 F = Vault count percentage of total count
                 A         B        C        D         E       F
            +---------+---------+-------+---------+---------+-------
      Total |      77 |       8 |   9.4 |      32 |       8 |  20.0
            +---------+---------+-------+---------+---------+-------
        D:1 |      35 |       8 |  18.6 |      22 |       8 |  26.7
        D:2 |      19 |       0 |   0.0 |       4 |       0 |   0.0
        D:4 |      23 |       0 |   0.0 |       6 |       0 |   0.0
            +---------+---------+-------+---------+---------+-------

Illustrated notes

Table legend:
 A = Kills in this place as a percentage of kills in the entire game.
 B = Kills by you in this place as a percentage of kills by you in the entire game.
 C = Kills by friends in this place as a percentage of kills by friends in the entire game.
 D = Other kills in this place as a percentage of other kills in the entire game.
 E = Experience gained in this place as a percentage of experience gained in the entire game.
 F = Experience gained in this place divided by the number of levels of this place that you have seen.
                   A       B       C       D       E      F
               +-------+-------+-------+-------+-------+----------------------
         Total | 100.0 | 100.0 |   N/A |   N/A | 100.0 |  28.3
       Dungeon | 100.0 | 100.0 |   N/A |   N/A | 100.0 |  28.3
               +-------+-------+-------+-------+-------+----------------------

Table legend: (Time is in decaauts)
 A = Elapsed time spent in this place.
 B = Non-inter-level travel time spent in this place.
 C = Inter-level travel time spent in this place.
 D = Time resting spent in this place.
 E = Time spent auto-exploring this place.
 F = Levels seen in this place.
 G = Mean time per level.
                   A        B        C        D        E       F      G
               +--------+--------+--------+--------+--------+-----+--------+
         Total |   1278 |   1274 |      4 |      2 |    986 |   3 |  426.0 |
       Dungeon |   1278 |   1274 |      4 |      2 |    986 |   3 |  426.0 |
               +--------+--------+--------+--------+--------+-----+--------+

Top non-repeatable levels by time:
     D:1: 936 daAuts
     D:4: 228 daAuts
     D:2: 113 daAuts
